 Dungeon Crawl Stone Soup version 0.28-a0-1087-gf3fc490d9d (webtiles) character file.

Game seed: 13563899344043357864

48 fragbeetle the Ruffian (level 3, -4/28 HPs)
             Began as a Draconian Transmuter on Dec 10, 2021.
             Slain by Natasha (7 damage)
             ... on level 2 of the Dungeon.
             The game lasted 00:04:08 (1630 turns).

fragbeetle the Ruffian (Draconian Transmuter)       Turns: 1630, Time: 00:04:08

Health: -4/28      AC:  5    Str: 12    XL:     3   Next: 50%
Magic:  6/6        EV: 12    Int: 15    God:
Gold:   78         SH:  0    Dex: 11    Spells: 2/6 levels left

rFire   . . .      SeeInvis .     - Unarmed
rCold   . . .      Faith    .   (no shield)
rNeg    . . .      Spirit   .   (armour unavailable)
rPois   .          Reflect  .   (helmet currently unavailable)
rElec   .          Harm     .   (no cloak)
rCorr   .          Rampage  .   (no gloves)
Will    .....                   (boots currently unavailable)
Stlth   +.........              (no amulet)
HPRegen 0.09/turn               f - ring of flight
MPRegen 0.10/turn               (no ring)

@: appendages (expiring), flying, slowed, very slow
A: horns 2, talons 2, AC +5, unfitting armour, cold-blooded
a: End Transformation


You were on level 2 of the Dungeon.
You had temporarily grown beastly horns and talons.
You visited 1 branch of the dungeon, and saw 2 of its levels.

You collected 78 gold pieces.

Inventory:

Magical Staves
 a - a staff of death
Jewellery
 f - a ring of flight (left hand)
Scrolls
 b - 2 scrolls of vulnerability {unknown}
 c - a scroll of holy word {unknown}
 d - a scroll of acquirement {unknown}
 g - a scroll of noise {unknown}
Potions
 e - a potion of might {unknown}


   Skills:
 * Level 1.3 Fighting
 * Level 2.2 Dodging
 - Level 0.2 Stealth
 + Level 3.5 Unarmed Combat
 * Level 2.3 Spellcasting
 * Level 2.5 Transmutations


You had 2 spell levels left.
You knew the following spells:

 Your Spells              Type           Power      Damage    Failure   Level
a - Beastly Appendage     Tmut           18%        N/A       8%          1
b - Spider Form           Tmut/Pois      5%         N/A       36%         3

Your spell library contained the following spells:

 Spells                   Type           Power      Damage    Failure   Level
 Wereblood                Tmut           9%         N/A       12%         2
 Ice Form                 Ice/Tmut       5%         N/A       77%         4


Dungeon Overview and Level Annotations

Branches:
Dungeon (2/15)

Altars:

Annotations:
D:2 Natasha


Innate Abilities, Weirdness & Mutations

You have temporarily grown beastly horns and talons.
Your plain brown scales are hard. (AC +5)
You cannot fit into any form of body armour.
You are cold-blooded and may be slowed by cold attacks.


Message History

Sorry, you're not good enough to have a special ability.
Casting: Beastly Appendage (safe; 8% risk of failure)
Confirm with . or Enter, or press ? or * to list all spells.
You grow a pair of large bovine horns.
Your feet morph into talons.
Natasha casts a spell at you.
You feel yourself slow down.
Found a stone staircase leading down.
Natasha stares at you and mumbles some strange words.
The magic dart hits you. Natasha closely misses you. Natasha misses you.
You hit Natasha but do no damage. Your kick misses Natasha.
Your tail-slap misses Natasha.
Natasha stares at you and mumbles some strange words.
You feel as though you will be slow longer.
You barely miss Natasha. You claw Natasha.
Natasha is lightly wounded.
Natasha claws you. Natasha barely misses you.
You barely miss Natasha.
Natasha is lightly wounded.
Your transformation is almost over.
Natasha wildly gestures.
Natasha's front paws start to glow.
Natasha completely misses you.
You hit Natasha. You claw Natasha, but do no damage.
Natasha is moderately wounded.
Natasha claws you. x2
You barely miss Natasha. You headbutt Natasha!
Natasha is almost dead.
Natasha casts a spell at you. The magic dart hits you.
* * * LOW HITPOINT WARNING * * *
You closely miss Natasha.
Natasha is almost dead.
Natasha misses you.
You hit Natasha but do no damage.
Natasha is almost dead.
Natasha claws you.
* * * LOW HITPOINT WARNING * * *
Natasha claws you!
You die...

.# #.. #..##...# .# #.##.#
#..####.# ># #.##...##..####.##
.###### #.##..............
....... #.##...##.########
.####.# #.##............# .# #.#
#.##..###.#####.# .# #.#
#.#####h##..# #.# #.# .# ##.##
#>.....@##..###.# #.#
####.#.#########.........# #.#
###.###.####.###.##..##### #.#
...## ##......##.##..#########.#
###.###.####.##...#............#
##.#.## #....#....###########
##.## ####...##........# #..#
##.##########.# ######.# #.#


You could see Natasha.

Vanquished Creatures
  An adder (D:2)
  6 endoplasms
  A giant cockroach (D:1)
  7 goblins
  5 hobgoblins
  A quokka (D:1)
  2 ball pythons
  7 bats
  4 frilled lizards
  4 rats
38 creatures vanquished.

Notes
Turn   | Place    | Note
-------+----------+-------------------------------------------
     0 | D:1      | fragbeetle the Draconian Transmuter began the quest for the
                  | Orb.
     0 | D:1      | Reached XP level 1. HP: 16/16 MP: 3/3
   388 | D:1      | Reached XP level 2. HP: 16/23 MP: 3/5
  1103 | D:2      | Found a faded altar of an unknown god.
  1232 | D:2      | Reached XP level 3. HP: 28/28 MP: 4/6
  1236 | D:2      | Learned a level 3 spell: Spider Form
  1618 | D:2      | Noticed Natasha
  1630 | D:2      | Slain by Natasha

Illustrated notes

Levels and vault maps discovered:
D:1:      dpeg_arrival_rooms_c, layout_loops_corners
D:2:      layout_loops_ring, hellmonk_ecumenical_altar_crossroads, uniq_natasha

Skill      XL: |  1 |
---------------+----+-----
Dodging        | 2 |  2.2
Fighting       | |  1.3
Stealth        | |  0.2
Unarmed Combat | |  3.5
Spellcasting   | |  2.3
Transmutations | |  2.5

Action                   || total
-------------------------++-------
Melee: Unarmed           ||    99
       Kick              ||    23
       Tailslap          ||     4
       Headbutt          ||     7
       Punch             ||     2
 Cast: Beastly Appendage ||    26
 Stab: Sleeping          ||     3
Armor: Skin              ||    26
Dodge: Dodged            ||    65

Table legend: (Time is in decaauts)
 A = Elapsed time spent in this place.
 B = Non-inter-level travel time spent in this place.
 C = Inter-level travel time spent in this place.
 D = Time resting spent in this place.
 E = Time spent auto-exploring this place.
 F = Levels seen in this place.
 G = Mean time per level.
                   A        B        C        D        E       F      G
               +--------+--------+--------+--------+--------+-----+--------+
         Total |   1626 |   1609 |     17 |    213 |   1055 |   2 |  813.0 |
       Dungeon |   1626 |   1609 |     17 |    213 |   1055 |   2 |  813.0 |
               +--------+--------+--------+--------+--------+-----+--------+

Top non-repeatable levels by time:
     D:1: 1042 daAuts
     D:2: 584 daAuts
